 Dungeon Crawl Stone Soup version 0.25-a0-38-g099c3e1 (webtiles) character file.

Game seed: 18315287643825496750, levelgen mode: deterministic

105 vhaine the Slasher (level 4, 0/39 HPs)
             Began as a Naga Warper on Oct 21, 2019.
             Slain by an orc
             ... wielding a +0 club
              (3 damage)
             ... on level 3 of the Dungeon.
             The game lasted 00:07:35 (2511 turns).

vhaine the Slasher (Naga Warper)                    Turns: 2511, Time: 00:07:35

Health: 0/39       AC:  3    Str: 13    XL:     4   Next: 83%
Magic:  5/7        EV:  9    Int: 15    God:
Gold:   150        SH:  0    Dex: 10    Spells: 5/7 levels left

rFire    . . .     SeeInvis +   a - +0 falchion
rCold    . . .     Gourm    .   (no shield)
rNeg     . . .     Faith    .   b - +0 leather armour
rPois    +         Spirit   .   (no helmet)
rElec    .         Reflect  .   (no cloak)
rCorr    .         Harm     .   t - +0 pair of gloves
MR       .....                  (no barding)
Stlth    +.........             (no amulet)
HPRegen  0.13/turn              c - ring of see invisible
MPRegen  0.10/turn              (no ring)

@: very slow
A: large, see invisible, deformed body, poison resistance, slowness 2, slow
metabolism 1, spit poison 1, AC +1
a: Spit Poison


You were on level 3 of the Dungeon.
You were not hungry.

You visited 1 branch of the dungeon, and saw 3 of its levels.

You collected 150 gold pieces.

Inventory:

Hand Weapons
 a - a +0 falchion (weapon)
Missiles
 e - 5 boomerangs of dispersal (quivered)
Armour
 b - a +0 leather armour (worn)
 t - a +0 pair of gloves (worn)
Jewellery
 c - a ring of see invisible (left hand)
 u - an uncursed amulet of magic regeneration {unknown}
Scrolls
 d - 2 scrolls of blinking
 g - a scroll of teleportation {unknown}
 j - a scroll of enchant weapon {unknown}
 k - a scroll of fear {unknown}
 m - 2 scrolls of remove curse {unknown}
 o - 2 scrolls of immolation {unknown}
 q - a scroll of random uselessness {unknown}
 s - 2 scrolls of identify {unknown}
Potions
 h - a potion of haste {unknown}
 i - a potion of berserk rage {unknown}
 l - a potion of heal wounds {unknown}
 n - a potion of ambrosia {unknown}
 p - 2 potions of might {unknown}
Comestibles
 f - 5 rations


   Skills:
 - Level 2.0 Fighting
 + Level 4.5 Long Blades
 - Level 0.8 Throwing
 - Level 0.7 Armour
 - Level 1.5 Dodging
 - Level 2.0 Spellcasting
 + Level 3.4 Translocations


You had 5 spell levels left.
You knew the following spells:

 Your Spells              Type           Power        Failure   Level  Hunger
a - Blink                 Tloc           N/A          11%         2    ###....

Your spell library contained the following spells:

 Spells                   Type           Power        Failure   Level  Hunger
 Gell's Gravitas          Tloc           ##........   21%         3    ###....
 Lesser Beckoning         Tloc           ##........   21%         3    ###....
 Teleport Other           Tloc           ##......     21%         3    ###....
 Shroud of Golubria       Chrm/Tloc      #.....       22%         2    ###....
 Passage of Golubria      Tloc           N/A          56%         4    #####..


Dungeon Overview and Level Annotations

Branches:
Dungeon (3/15)

Altars:
Kikubaaqudgha
Wu Jian


Innate Abilities, Weirdness & Mutations

You cannot wear boots.
Your serpentine skin is tough. (AC +1)
You have supernaturally acute eyesight. (SInv)
Armour fits poorly on your strangely shaped body.
Your system is resistant to poisons. (rPois)
You cover ground very slowly.
You have a slow metabolism.
You can spit poison.


Message History

You barely miss the orc priest.
The orc priest is severely wounded.
The orc hits you with a +0 club.
The orc priest looks encouraged for a moment.
The orc priest hits you.
You barely miss the orc priest.
The orc priest is severely wounded.
You have got your breath back.
The orc priest invokes the aid of Beogh against you.
You struggle to resist.
The orc barely misses you. The orc priest hits you.
You barely miss the orc priest.
The orc priest is severely wounded.
The orc priest hits you with a +0 mace. The orc hits you with a +0 club.
The orc priest calls down the wrath of Beogh upon you.
Beogh smites you!
* * * LOW HITPOINT WARNING * * *
You hit the orc priest.
You kill the orc priest!
The orc hits you with a +0 club.
You die...

##.##...............
#.##.########.##...
#..#.# #.#####
##.#.# #'# #w#.# ...
##.#.# ... ....# ...
##)o.####.
#.@o....'.
##..%####. #..##
...# #.## #.# #.#
#.#


You could see a worm, an orc priest and an orc.

Vanquished Creatures
  An orc priest (D:3)
  2 oozes
  2 worms (D:3)
  A dart slug (D:1)
  4 leopard geckos
  5 orcs
  2 giant cockroaches
  3 goblins
  5 hobgoblins
  9 kobolds
  A quokka (D:2)
  5 bats
  3 frilled lizards
  9 rats
52 creatures vanquished.

Notes
Turn   | Place    | Note
-------+----------+-------------------------------------------
     0 | D:1      | vhaine the Naga Warper began the quest for the Orb.
     0 | D:1      | Reached XP level 1. HP: 19/19 MP: 3/3
   260 | D:1      | Reached XP level 2. HP: 26/26 MP: 5/5
   441 | D:1      | Reached skill level 3 in Long Blades
   822 | D:1      | Reached XP level 3. HP: 18/32 MP: 6/6
   995 | D:1      | Learned a level 2 spell: Blink
  1482 | D:2      | Found an ornate altar of the Wu Jian Council.
  1487 | D:2      | Found an ancient bone altar of Kikubaaqudgha.
  1742 | D:2      | Reached skill level 4 in Long Blades
  1950 | D:3      | Reached XP level 4. HP: 38/39 MP: 7/7
  2511 | D:3      | Slain by an orc

Levels and vault maps discovered:
D:1:      evilmike_arrival_crescent, layout_basic
D:2:      layout_basic, grunt_temple_overflow_open, wad_floor_pattern_2
D:3:      layout_loops_corners, first_ration

Skill      XL: |  1  2  3 |
---------------+----------+-----
Long Blades    | 3 4 |  4.5
Fighting       | |  2.0
Throwing       | |  0.8
Armour         | |  0.7
Dodging        | |  1.5
Spellcasting   | |  2.0
Translocations | |  3.4

Action                   |  1- 3 |  4- 6 || total
-------------------------+-------+-------++-------
Melee: Falchion          |    13 |    12 ||    25
 Cast: Blink             |       |     1 ||     1
 Abil: Spit Poison       |    54 |    28 ||    82
  Eat: Chunk             |     2 |     3 ||     5
       Ration            |     1 |       ||     1
Armor: Leather armour    |    11 |     2 ||    13
Dodge: Dodged            |    31 |    15 ||    46
       Rpst.: Falchion   |     9 |     5 ||    14

Table legend:
 A = Non-vault XP
 B = Vault XP
 C = Vault XP percentage of total XP
 D = Non-vault monster count
 E = Vault monster count
 F = Vault count percentage of total count
                 A         B        C        D         E       F
            +---------+---------+-------+---------+---------+-------
      Total |     151 |       0 |   0.0 |      52 |       0 |   0.0
            +---------+---------+-------+---------+---------+-------
        D:1 |      44 |       0 |   0.0 |      21 |       0 |   0.0
        D:2 |      25 |       0 |   0.0 |      13 |       0 |   0.0
        D:3 |      82 |       0 |   0.0 |      18 |       0 |   0.0
            +---------+---------+-------+---------+---------+-------
